 Dungeon Crawl Stone Soup version 0.20.1-1-g8b1a95d (webtiles) character file.

352 Folque the Magician (level 6, 0/42 HPs)
             Began as an Octopode Wizard on Oct 28, 2017.
             Was an Initiate of Vehumet.
             Succumbed to a scorpion's poison
             ... on level 4 of the Dungeon.
             The game lasted 00:23:30 (3194 turns).

Folque the Magician (Octopode Wizard)               Turns: 3194, Time: 00:23:31

Health: 0/42       AC:  1    Str:  4 (7)  XL:     6   Next: 61%
Magic:  11/12      EV: 13    Int: 20 (22) God:    Vehumet [......]
Gold:   153        SH:  0    Dex:  9 (10) Spells: 5/13 levels left

rFire    + + .     SeeInvis +   s - +2 quarterstaff (chaos)
rCold    . . .     Gourm    .   (shield currently unavailable)
rNeg     . . .     Faith    .   a - +0 hat
rPois    +         Spirit   .   (no amulet)
rElec    +         Reflect  .   f - ring of protection from magic
rCorr    +         Harm     .   h - ring of fire
MR       +....                  B - ring of see invisible
Stlth    +++.......             (no ring)
Regen    0.2/turn               (no ring)
MPRegen  0.2/turn               (no ring)
                                (no ring)
                                (no ring)

@: lethally poisoned (0 -> -4), resistant, berserk cooldown, slowed, very slow
A: almost no armour, stealthy swim, amphibious, 8 rings, constrict 8, camouflage
1, gelatinous body 1
a: Renounce Religion


You were on level 4 of the Dungeon.
You worshipped Vehumet.
Vehumet was noncommittal.
You were not hungry.

You visited 1 branch of the dungeon, and saw 4 of its levels.

You collected 153 gold pieces.

Inventory:

Hand Weapons
 e - a +0 short sword
 i - a +2 dagger of venom
 s - a +2 quarterstaff of chaos (weapon)
Missiles
 x - 10 tomahawks (quivered)
Armour
 a - a +0 hat (worn)
Jewellery
 f - a ring of protection from magic (left tentacle)
 h - a ring of fire (right tentacle)
 B - a ring of see invisible (on tentacle)
Wands
 p - a wand of enslavement (0/24)
Scrolls
 g - a scroll of magic mapping
 j - a scroll of identify
 k - a scroll of fog
 v - a scroll of teleportation
 w - 2 scrolls of immolation
Potions
 t - a potion of brilliance
 u - 2 potions of haste
 A - 2 potions of agility
Books
 b - a book of Minor Magic

   Spells                             Type                      Level
   a - Magic Dart                     Conjuration                  1
   b - Blink                          Translocation                2
   c - Call Imp                       Summoning                    2
   d - Slow                           Hexes                        2
   e - Conjure Flame                  Conjuration/Fire             3
   f - Mephitic Cloud                 Conjuration/Poison/Air       3
Comestibles
 c - 2 bread rations
 m - a royal jelly
 n - 8 chunks of flesh
 r - 8 fruits


   Skills:
 - Level 3.0 Fighting
 - Level 2.0 Dodging
 - Level 2.9 Stealth
 - Level 4.2 Spellcasting
 + Level 2.1 Conjurations
 - Level 2.0 Summonings
 - Level 1.0 Translocations
 * Level 4.0 Poison Magic


You had 5 spell levels left.
You knew the following spells:

 Your Spells              Type           Power        Failure   Level  Hunger
a - Magic Dart            Conj           ##..         5%          1    None
b - Call Imp              Summ           ##......     9%          2    #......
c - Blink                 Tloc           N/A          13%         2    #......
d - Mephitic Cloud        Conj/Pois/Air  ##......     16%         3    ###....


Dungeon Overview and Level Annotations

Branches:
Dungeon (4/15)
 Temple: D:4-7

Altars:
Qazlal
Vehumet

Annotations:
D:4 karf's ghost, weakling MiFi


Innate Abilities, Weirdness & Mutations

You cannot wear most types of armour.
You are very stealthy in the water. (Stealth+)
You are amphibious.
You can wear up to eight rings at the same time.
You can use your tentacles to constrict eight enemies at once.
Your skin changes colour to match your surroundings (Stealth+).
Your rubbery body absorbs attacks. (AC +1, EV +1)


Message History

* * * LOW HITPOINT WARNING * * *
You feel sick.
* * * LOW HITPOINT WARNING * * *
You feel sick.
You can move again.
You feel protected.
* * * LOW HITPOINT WARNING * * *
You feel sick.
As you read the scroll labeled ESHRARA VOG, it crumbles to dust.
You hear a loud clanging noise!
It was a scroll of noise.
* * * LOW HITPOINT WARNING * * *
You feel sick.
You hear an angry hiss.
Okay, then.
* * * LOW HITPOINT WARNING * * *
You feel sick.
* * * LOW HITPOINT WARNING * * *
You feel sick.
You die...

####.#### #.#### #.#...
#.#.## ### #### #.#.##
#.. ..# ####.....
##.####.####.# #.......#
...........#.###.####..#
#.####@##.......)..#...
#.####..†.....##.#
#.####.###.##.##.#
#......# #.......#
##W..#.# #.......#
#......# #....##.#
#.......# #..#.##..
#.......# #..#.....
.........# #........


You could see karf's ghost.

Vanquished Creatures
  A scorpion (D:4)
  An orc priest (D:4)
  An iguana (D:4)
  An orc wizard (D:3)
  Ijyb (D:4)
  2 adders (D:4)
  An adder skeleton (D:4)
  4 dart slugs
  2 leopard geckos (D:3)
  5 orcs
  3 giant cockroaches
  9 goblins
  5 hobgoblins
  3 kobolds (D:1)
  4 ball pythons
  3 bats
  4 frilled lizards
  9 rats
59 creatures vanquished.

Vanquished Creatures (collateral kills)
  A howler monkey (D:4)
  2 orc priests (D:4)
  Crazy Yiuf (D:2)
  An orc wizard (D:4)
  Natasha (twice) (D:4)
  An ooze (D:4)
  A worm (D:2)
  6 orcs
  2 goblins (D:4)
17 creatures vanquished.

Grand Total: 76 creatures vanquished

Notes
Turn   | Place    | Note
-------+----------+-------------------------------------------
     0 | D:1      | Folque the Octopode Wizard began the quest for the Orb.
     0 | D:1      | Reached XP level 1. HP: 11/11 MP: 4/4
   224 | D:1      | Reached XP level 2. HP: 18/18 MP: 6/6
   233 | D:1      | Reached skill level 1 in Fighting
   491 | D:1      | Learned a level 2 spell: Call Imp
   494 | D:1      | Learned a level 2 spell: Blink
   832 | D:2      | Reached XP level 3. HP: 23/24 MP: 7/7
  1236 | D:2      | Found a runed door.
  1240 | D:2      | Noticed Crazy Yiuf
  1246 | D:2      | Killed Crazy Yiuf
  1369 | D:3      | Found a stormy altar of Qazlal.
  1404 | D:3      | Reached XP level 4. HP: 24/30 MP: 9/9
  1955 | D:4      | Noticed karf's ghost (weakling MiFi)
  1982 | D:4      | Noticed Natasha
  1983 | D:4      | Noticed Ijyb
  2390 | D:4      | Reached XP level 5. HP: 21/36 MP: 8/11
  2398 | D:4      | Learned a level 3 spell: Mephitic Cloud
  2593 | D:4      | Killed Natasha
  2593 | D:4      | Reached skill level 1 in Poison Magic
  2650 | D:4      | Killed Ijyb
  2857 | D:4      | Reached XP level 6. HP: 42/42 MP: 5/12
  2916 | D:4      | Found a radiant altar of Vehumet.
  2930 | D:4      | Noticed Natasha
  2936 | D:4      | Killed Natasha
  2974 | D:4      | Became a worshipper of Vehumet
  3190 | D:4      | HP: 2/42 [poisoned by a scorpion]
  3194 | D:4      | Succumbed to a scorpion's poison

Skill      XL: |  1  2  3  4  5  6 |
---------------+-------------------+-----
Fighting       | 1 2 3 |  3.0
Spellcasting   | 4 |  4.2
Poison Magic   | 2 4 |  4.0
Summonings     | 2 |  2.0
Conjurations   | 2 |  2.1
Dodging        | |  2.0
Stealth        | |  2.9
Translocations | |  1.0

Action                   |  1- 3 |  4- 6 || total
-------------------------+-------+-------++-------
Melee: Unarmed           |     6 |       ||     6
       Constrict         |    11 |    17 ||    28
       Dagger            |    29 |       ||    29
       Tentacles         |     6 |    13 ||    19
       Short sword       |     1 |       ||     1
       Quarterstaff      |     4 |    60 ||    64
 Cast: Magic Dart        |    16 |    38 ||    54
       Call Imp          |     3 |    17 ||    20
       Blink             |       |     2 ||     2
Evoke: Wand              |       |     1 ||     1
  Use: Scroll            |     5 |    10 ||    15
       Potion            |       |     7 ||     7
 Stab: Sleeping          |     6 |     5 ||    11
  Eat: Chunk             |     1 |     6 ||     7
Armor: Skin              |     1 |     1 ||     2
Dodge: Dodged            |    21 |    59 ||    80
